[Event "Team 45 45 League T81"]
[Site "Internet Chess Club"]
[Date "2019.06.29"]
[Round "1"]
[White "scostanzo212"]
[Black "Constrictor"]
[Result "1/2-1/2"]
[WhiteElo "1571"]
[BlackElo "1533"]
[Opening "QGD Slav: Dutch variation"]
[ECO "D18"]
[Time "11:02:30"]
[TimeControl "2700+45"]

1. d4 c6 2. c4 d5 3. Nf3 Nf6 4. Nc3 dxc4 5. a4 Bf5 6. e3 e6 7. Bxc4 Bb4 8. O-O
O-O 9. Qb3 a5 10. Nh4 Bg6 11. Nxg6 hxg6 12. f3 Nbd7 13. Ne2 Nb6 14. Bd3 Re8 15.
e4 Nh5 16. Be3 Re7 17. g4 Nf6 18. Bg5 e5 19. h3 Rd7 20. f4 Rxd4 21. Nxd4 Qxd4+
22. Kg2 Nxe4 23. Bxe4 Qxe4+ 24. Qf3 Qxf3+ 25. Kxf3 f6 26. Bh4 exf4 27. g5 f5 28.
Kxf4 Re8 29. Bf2 Nd5+ 30. Kf3 Re4 31. b3 Nf4 32. h4 Nd5 33. Rad1 Kf7 34. Rd4
Rxd4 35. Bxd4 Nc3 36. Bxc3 Bxc3 37. Rc1 Bb4 38. Rc4 Ke7 39. Kf4 Bd6+ 40. Kf3 Ke6
41. Ke3 Bb4 42. Ke2 Ke5 43. Kf3 Ke6 44. Ke2 {Game drawn by mutual agreement}
1/2-1/2

[Event "Team 45 45 League T81"]
[Site "Internet Chess Club"]
[Date "2019.07.02"]
[Round "1"]
[White "Hal2001"]
[Black "noblitz-oblige"]
[Result "1/2-1/2"]
[WhiteElo "1526"]
[BlackElo "1498"]
[Opening "Two knights defense (Modern bishop's opening)"]
[ECO "C55"]
[Time "08:06:33"]
[TimeControl "2700+45"]

1. e4 e5 2. Nf3 Nc6 3. Bc4 Nf6 4. d3 h6 5. c3 Bc5 6. Bb3 d6 7. h3 O-O 8. Nbd2 d5
9. Qe2 Re8 10. O-O a6 11. Kh1 Be6 12. Bc2 Qd7 13. Ng1 Rad8 14. Ndf3 Qc8 15. exd5
Nxd5 16. Qe4 Bf5 17. Qc4 Bb6 18. Qh4 Nf6 19. Bxh6 gxh6 20. Qxf6 Rd6 21. Qh4 Ree6
22. Rad1 Rg6 23. g4 Bxg4 24. hxg4 Rxg4 25. Qh2 Qf5 26. Rd2 {Game drawn by mutual
agreement} 1/2-1/2

[Event "Team 45 45 League T81"]
[Site "Internet Chess Club"]
[Date "2019.06.30"]
[Round "1"]
[White "cpic2363"]
[Black "Gilguli"]
[Result "1-0"]
[WhiteElo "1480"]
[BlackElo "1282"]
[Opening "Sicilian: Alapin's variation (2.c3)"]
[ECO "B22"]
[Time "15:32:11"]
[TimeControl "2700+45"]

1. e4 c5 2. c3 d6 3. Nf3 Nc6 4. d4 Bg4 5. Be2 cxd4 6. Nxd4 Bxe2 7. Qxe2 Nxd4 8.
cxd4 Qc7 9. Be3 Nf6 10. Nc3 a6 11. O-O e6 12. Rfc1 Qd7 13. e5 dxe5 14. dxe5 Nd5
15. Rd1 Be7 16. Nxd5 exd5 17. Qd3 Rd8 18. Bb6 Rc8 19. Qxd5 Qxd5 20. Rxd5 Rc2 21.
b3 O-O 22. Rd7 Rfc8 23. g3 Kf8 24. Rxb7 Re2 25. Be3 h5 26. Kf1 Rec2 27. a4 g6
28. b4 R8c4 29. b5 axb5 30. axb5 Rb2 31. Ra8+ Kg7 32. Rxe7 h4 33. Raa7 h3 34.
Rxf7+ Kg8 35. e6 Rb1+ 36. Ke2 Rc2+ 37. Kf3 Rc8 {Black resigns} 1-0

[Event "Team 45 45 League T81"]
[Site "Internet Chess Club"]
[Date "2019.06.27"]
[Round "1"]
[White "idjit"]
[Black "QuieroAprender"]
[Result "0-1"]
[WhiteElo "1636"]
[BlackElo "1675"]
[Opening "Giuoco Piano"]
[ECO "C54"]
[Time "20:07:45"]
[TimeControl "2700+45"]

1. e4 e5 2. Nf3 Nc6 3. Bc4 Bc5 4. c3 Nf6 5. d3 h6 6. Bb3 O-O 7. h3 a5 8. Nbd2 d6
9. Nf1 Be6 10. Ng3 d5 11. Qe2 a4 12. Bxd5 Nxd5 13. exd5 Bxd5 14. O-O Bd6 15. Ne4
f5 16. Nxd6 Qxd6 17. Re1 Rfe8 18. Nh4 Qf6 19. Nf3 e4 20. dxe4 Bxe4 21. Qc4+ Qf7
22. Qxf7+ Kxf7 23. Bf4 Bxf3 24. gxf3 Rxe1+ 25. Rxe1 Rc8 26. h4 Kf6 27. h5 Rd8
28. Kf1 Rd7 29. Re8 Ne7 30. Be3 Rd1+ 31. Ke2 Rb1 32. b4 Rb2+ 33. Kd3 Rxa2 34.
Bd4+ Kf7 35. Rb8 b6 36. Rb7 Nd5 37. Kc4 Ke6 38. Bxg7 Rxf2 39. Bxh6 Rxf3 40. Bg7
Rh3 41. h6 f4 42. Rb8 f3 43. Rf8 Ne3+ 44. Kd3 f2 {White resigns} 0-1

[Event "Team 45 45 League T81"]
[Site "Internet Chess Club"]
[Date "2019.07.01"]
[Round "1"]
[White "wildwood"]
[Black "tryanything"]
[Result "1-0"]
[WhiteElo "1555"]
[BlackElo "1505"]
[Opening "Ruy Lopez: open, Bernstein variation"]
[ECO "C80"]
[Time "04:43:00"]
[TimeControl "2700+45"]

1. e4 e5 2. Nf3 Nc6 3. Bb5 a6 4. Ba4 Nf6 5. O-O Nxe4 6. d4 b5 7. Bb3 d5 8. dxe5
Be6 9. Nbd2 Nc5 10. Re1 Be7 11. c3 Nxb3 12. Nxb3 O-O 13. Be3 Re8 14. Nbd4 Nxd4
15. cxd4 c6 16. Rc1 Rc8 17. Re2 a5 18. Rec2 Bd7 19. Ne1 Qb6 20. Nd3 Bf5 21. f4
b4 22. b3 Qb5 23. Rd2 Bxd3 24. Rxd3 Ra8 25. Rd2 Rec8 26. f5 g6 27. Qg4 a4 28.
fxg6 hxg6 29. e6 axb3 30. axb3 Kg7 31. exf7 Kxf7 32. Rf1+ Kg7 33. Qe6 {Black
resigns} 1-0

[Event "Team 45 45 League T81"]
[Site "Internet Chess Club"]
[Date "2019.06.30"]
[Round "1"]
[White "Electryon"]
[Black "tightfist"]
[Result "1/2-1/2"]
[WhiteElo "1423"]
[BlackElo "1500"]
[Opening "Queen's pawn: London system"]
[ECO "A45"]
[Time "20:07:42"]
[TimeControl "2700+45"]

1. d4 Nf6 2. Bf4 d5 3. e3 e6 4. Nf3 Bd6 5. Bg3 O-O 6. Nbd2 c5 7. c3 Nc6 8. Bd3
cxd4 9. exd4 Re8 10. Ne5 Qc7 11. f4 a6 12. Bh4 Be7 13. g4 g6 14. Bxf6 Bxf6 15.
g5 Bg7 16. h4 Nxe5 17. fxe5 h5 18. Qc2 Kh7 19. Be2 Kg8 20. O-O-O Bd7 21. Rdf1
Qa5 22. Kb1 Rac8 23. Nb3 Qb6 24. Nc5 Bb5 25. Qb3 Qc6 26. Bxb5 axb5 27. Nd3 Qc4
28. Qxc4 bxc4 29. Nb4 Ra8 30. Rf2 Re7 31. Rhf1 Rc7 32. a3 Kf8 33. Kc2 Ke8 34.
Ra1 Bf8 35. Na2 b5 36. Rff1 Rca7 37. Nb4 Bxb4 38. cxb4 Rc7 39. Kc3 Rca7 40. Rf2
Rc7 41. Rc1 Re7 42. Ra1 {Game drawn by mutual agreement} 1/2-1/2

[Event "Team 45 45 League T81"]
[Site "Internet Chess Club"]
[Date "2019.06.27"]
[Round "1"]
[White "Kingofknights"]
[Black "sdcohle"]
[Result "1-0"]
[WhiteElo "1534"]
[BlackElo "1328"]
[Opening "Old Indian defense"]
[ECO "A42"]
[Time "18:01:00"]
[TimeControl "2700+45"]

1. d4 d6 2. c4 c6 3. e4 Qc7 4. Nc3 e5 5. d5 Nf6 6. Bg5 Be7 7. h3 Nbd7 8. Bd3 c5
9. Nge2 O-O 10. O-O h6 11. Be3 Nh7 12. Ng3 Bg5 13. Nb5 Qd8 14. Nf5 a6 15. Nbxd6
Nb6 16. Nxc8 Rxc8 17. f4 exf4 18. Bxf4 Bxf4 19. Rxf4 f6 20. Qg4 Rc7 21. Nxh6+
Kh8 22. Nf5 Rg8 23. Qg6 Qe8 24. Nh4 Qe5 25. Qf5 g5 26. Rg4 gxh4 27. Qxe5 fxe5
28. Rxg8+ Kxg8 29. Rf1 Rf7 30. b3 a5 31. a4 Nd7 32. Be2 Ng5 33. Bf3 Nf6 34. Re1
Rg7 35. Kf2 Kf7 36. Re3 Ke7 37. Re1 Kd6 38. Ke3 Nxf3 39. gxf3 Rg3 40. Rh1 Nh5
41. Kf2 Nf4 42. Ke3 Rg2 43. Re1 Nxh3 44. f4 Re2+ 45. Rxe2 Nxf4 46. Rh2 h3 47.
Kf3 Ke7 48. Kg4 Kf6 49. Rxh3 Nxh3 50. Kxh3 Kg5 51. Kg3 Kf6 52. Kg4 Kg6 53. Kh4
Kf6 54. Kh5 b6 55. Kh6 Kf7 56. Kg5 Ke7 57. Kf5 Kd6 58. Kf6 Kd7 59. Kxe5 Ke7 60.
Kf5 Kf7 61. d6 Ke8 62. Ke6 Kd8 63. e5 b5 64. axb5 a4 65. bxa4 Ke8 66. b6 {Black
resigns} 1-0

[Event "Team 45 45 League T81"]
[Site "Internet Chess Club"]
[Date "2019.06.30"]
[Round "1"]
[White "President"]
[Black "fireball"]
[Result "1-0"]
[WhiteElo "1758"]
[BlackElo "1584"]
[Opening "Nimzovich-Larsen attack: classical variation"]
[ECO "A01"]
[Time "15:01:19"]
[TimeControl "2700+45"]

1. b3 d5 2. Bb2 Nc6 3. e3 e5 4. Bb5 Bd6 5. Nf3 Qe7 6. d4 e4 7. Ne5 Bd7 8. Nxd7
Qxd7 9. Nc3 Nf6 10. h3 O-O 11. Qe2 a6 12. Bxc6 Qxc6 13. O-O Qd7 14. Nd1 Qf5 15.
c4 c6 16. Rc1 h6 17. f3 exf3 18. Rxf3 Qg5 19. Nc3 Rfe8 20. cxd5 cxd5 21. Na4 Re7
22. Nc5 Rae8 23. Re1 Ne4 24. Nd3 Ng3 25. Qd2 Nf5 26. Bc1 Nh4 27. Qf2 Nxf3+ 28.
Qxf3 Re4 29. g4 Qh4 30. Rf1 Qg3+ 31. Qxg3 Bxg3 32. Kg2 Bd6 33. Kf3 R8e6 34. Rd1
Rf6+ 35. Ke2 Rfe6 36. Nf2 Rf4 37. e4 Rff6 38. e5 Rg6 39. Nd3 h5 40. Nf4 hxg4 41.
Nxg6 fxg6 42. hxg4 Bb4 43. Bd2 Bxd2 44. Kxd2 b5 45. Rc1 Kh7 46. Rc5 Kh6 47. Rxd5
Kg5 48. Ke3 Kxg4 49. Rd6 Kf5 50. Rxe6 Kxe6 51. Ke4 g5 52. d5+ Ke7 53. Kf5 g6+
54. Kxg5 Kf7 55. e6+ Ke7 56. Kxg6 {Black resigns} 1-0

[Event "Team 45 45 League T81"]
[Site "Internet Chess Club"]
[Date "2019.06.28"]
[Round "1"]
[White "nidusin2"]
[Black "Covenanteer"]
[Result "0-1"]
[WhiteElo "1497"]
[BlackElo "1577"]
[Opening "Queen's pawn: Chigorin variation"]
[ECO "D00"]
[Time "11:00:18"]
[TimeControl "2700+45"]

1. d4 d5 2. Nc3 Nf6 3. Bf4 Bf5 4. e3 a6 5. Nf3 e6 6. a3 Nbd7 7. Bd3 Bg4 8. h3
Bh5 9. Ne2 c5 10. Ng3 c4 11. Be2 Bg6 12. Ne5 Nxe5 13. dxe5 Ne4 14. Nxe4 Bxe4 15.
O-O g5 16. Bg3 Bg7 17. b3 b5 18. bxc4 bxc4 19. Qd4 Bxc2 20. Rfc1 Bg6 21. h4 gxh4
22. Bxh4 Qc7 23. f4 O-O 24. Bf3 Rab8 25. e4 Rb5 26. a4 Rc5 27. Bf2 Ra5 28. Rcb1
dxe4 29. Bxe4 Bxe4 30. Qxe4 Rd5 31. Ra3 Rc8 32. Rh3 h6 33. g4 c3 34. Rc1 c2 35.
Kg2 Rd1 36. Be3 Rxc1 37. Bxc1 Qc4 38. Re3 Bf8 39. g5 hxg5 40. fxg5 Qxe4+ 41.
Rxe4 Bg7 42. Kf3 Rc3+ 43. Ke2 Rc5 44. Kd3 Bxe5 45. Re2 Kg7 46. Re4 Bc7 47. Re2
Kg6 48. Rf2 Bd8 49. Rf1 Bxg5 50. Rg1 f6 51. Bxg5 Rxg5 52. Rc1 Rc5 53. Rg1+ Kf7
54. Rc1 f5 55. Kd4 Ra5 56. Rxc2 Rxa4+ 57. Ke5 Ra5+ 58. Kf4 Kf6 59. Rc6 Ra4+ 60.
Kf3 a5 61. Ra6 f4 62. Rb6 Kf5 63. Rb5+ e5 64. Rb8 e4+ 65. Ke2 Ra2+ 66. Kf1 Kg4
67. Rg8+ Kf3 {White resigns} 0-1

[Event "Team 45 45 League T81"]
[Site "Internet Chess Club"]
[Date "2019.06.30"]
[Round "1"]
[White "liujf"]
[Black "Skeptic1972"]
[Result "1-0"]
[WhiteElo "1584"]
[BlackElo "1435"]
[Opening "French: Tarrasch, closed variation"]
[ECO "C05"]
[Time "14:35:50"]
[TimeControl "2700+45"]

1. e4 e6 2. d4 d5 3. Nd2 Nf6 4. e5 Nfd7 5. Bd3 c5 6. c3 Nc6 7. Ne2 Qb6 8. Nf3
Be7 9. O-O O-O 10. Ng3 cxd4 11. cxd4 f6 12. exf6 Bxf6 13. Ne2 Re8 14. a3 Nf8 15.
Rb1 Bd7 16. Be3 Rac8 17. Nc3 Na5 18. Ne5 Qd6 19. Nxd7 Qxd7 20. Bb5 Nc6 21. Na4
Qe7 22. Nc5 a6 23. Ba4 b5 24. Bb3 Bxd4 25. Bxd4 Nxd4 26. Nxa6 Nxb3 27. Qxb3 Qb7
28. Nb4 Nd7 29. Rfe1 Nc5 30. Qg3 Ne4 31. Qd3 Qb6 32. Re3 Rc4 33. Rd1 Rec8 34.
Nxd5 exd5 35. Qxd5+ Kf8 36. Rxe4 Rxe4 37. Qxe4 Qf6 38. Qb4+ Kg8 39. Qxb5 Rc2 40.
Qb3+ {Black resigns} 1-0

[Event "Team 45 45 League T81"]
[Site "Internet Chess Club"]
[Date "2019.06.30"]
[Round "1"]
[White "JPSVI"]
[Black "Pawnchain"]
[Result "1-0"]
[WhiteElo "1474"]
[BlackElo "1466"]
[Opening "Réti: King's Indian attack (Barcza system)"]
[ECO "A07"]
[Time "15:03:59"]
[TimeControl "2700+45"]

1. Nf3 d5 2. g3 c6 3. Bg2 Bf5 4. O-O Nd7 5. d3 Bg6 6. Nbd2 e5 7. e4 Ngf6 8. exd5
Nxd5 9. Nc4 f6 10. Re1 Be7 11. d4 O-O 12. dxe5 fxe5 13. Ncxe5 Nxe5 14. Nxe5 Bc5
15. Bxd5+ cxd5 16. Be3 d4 17. Bf4 Be8 18. Qf3 Qb6 19. a3 Bc6 20. Nxc6 bxc6 21.
b4 Bd6 22. Qb3+ Kh8 23. Bxd6 Rfd8 24. Bc5 Qc7 25. Re7 Rd7 26. Rae1 Rxe7 27. Rxe7
Qd8 28. Qf7 Qg8 29. Qxg8+ Kxg8 {Black resigns} 1-0

[Event "Team 45 45 League T81"]
[Site "Internet Chess Club"]
[Date "2019.06.29"]
[Round "1"]
[White "fledermaus"]
[Black "LinceHispano44"]
[Result "0-1"]
[WhiteElo "1881"]
[BlackElo "1769"]
[Opening "QGD: Orthodox defense, Swiss, Karlsbad variation"]
[ECO "D63"]
[Time "15:00:48"]
[TimeControl "2700+45"]

1. d4 Nf6 2. c4 e6 3. Nc3 d5 4. Bg5 Be7 5. e3 Nbd7 6. Nf3 O-O 7. Rc1 a6 8. cxd5
exd5 9. Bd3 c6 10. Qc2 Re8 11. O-O Nf8 12. a3 Ne4 13. Bxe7 Qxe7 14. Bxe4 dxe4
15. Nd2 f5 16. d5 Bd7 17. Qb3 Rab8 18. dxc6+ Be6 19. Qc2 bxc6 20. Na4 Bd5 21. b4
f4 22. exf4 e3 23. fxe3 Qxe3+ 24. Rf2 Qxa3 25. Nc3 Qxb4 26. Nxd5 cxd5 27. Qa2
Rbd8 28. Qxa6 Qd4 29. f5 Nd7 30. Nf3 Qf4 31. Rcf1 Nf6 32. Nd2 Qd4 33. Kh1 Ng4
34. Rf4 Qxd2 35. Rxg4 Re1 36. f6 Rxf1+ 37. Qxf1 Rc8 38. Rxg7+ Kf8 39. Rxh7 Rc1
40. Rh8+ Kf7 41. Rh7+ Kg6 42. Rg7+ Kh6 {White resigns} 0-1

[Event "Team 45 45 League T81"]
[Site "Internet Chess Club"]
[Date "2019.06.30"]
[Round "1"]
[White "Portola"]
[Black "zepled37"]
[Result "1-0"]
[WhiteElo "1796"]
[BlackElo "1693"]
[Opening "Queen's pawn game"]
[ECO "A46"]
[Time "18:17:00"]
[TimeControl "2700+45"]

1. d4 Nf6 2. Nf3 e6 3. c3 b6 4. Bg5 Be7 5. Nbd2 Bb7 6. e3 d6 7. Qc2 h6 8. Bf4
Nbd7 9. h3 c5 10. Bb5 O-O 11. O-O a6 12. Be2 Rc8 13. Rfe1 Re8 14. Bh2 Bf8 15.
Rad1 b5 16. Qb1 Qb6 17. Bd3 e5 18. dxe5 dxe5 19. e4 c4 20. Bc2 Bc5 21. Re2 Rcd8
22. Nf1 Nh5 23. Ne3 Nf4 24. Bxf4 exf4 25. Nd5 Bxd5 26. Rxd5 Nf8 27. Rxd8 Rxd8
28. e5 Ne6 29. Qe1 Kf8 30. a3 Qa7 31. Rd2 Rd7 32. Bf5 Ke7 33. h4 g6 34. Be4 Rxd2
35. Qxd2 Qd7 36. Qxd7+ Kxd7 37. Bb7 Nc7 38. Kf1 Bf8 39. Ke2 Bg7 40. g3 fxg3 41.
fxg3 Ke6 42. Bc8+ Ke7 43. g4 Kd8 44. Bb7 Ke7 45. Ke3 Ke6 46. Bc8+ Ke7 47. Ke4
Bf8 48. Nd4 Kd8 49. Bb7 Kd7 50. Nc6 Ke8 51. Nd4 Be7 52. Nf3 Kd7 53. Bd5 Ke8 54.
g5 hxg5 55. hxg5 Kd7 56. Bxf7 {Black resigns} 1-0

[Event "Team 45 45 League T81"]
[Site "Internet Chess Club"]
[Date "2019.06.26"]
[Round "1"]
[White "justice02"]
[Black "VictorRed"]
[Result "0-1"]
[WhiteElo "1631"]
[BlackElo "1716"]
[Opening "French: Schlechter variation"]
[ECO "C01"]
[Time "22:00:06"]
[TimeControl "2700+45"]

1. e4 e6 2. d4 d5 3. Bd3 Nc6 4. c3 Nf6 5. Bg5 Be7 6. e5 Nd7 7. Be3 f5 8. exf6
Nxf6 9. Nf3 O-O 10. Qc2 h6 11. O-O Ng4 12. Bc1 e5 13. dxe5 Ncxe5 14. Nxe5 Nxe5
15. Rd1 Bc5 16. Be3 Bxe3 17. fxe3 Qg5 18. Bf1 Qxe3+ 19. Kh1 c6 20. Na3 Ng4 21.
Re1 Nf2+ 22. Kg1 Nh3+ 23. Kh1 Qg1# {White checkmated} 0-1

[Event "Team 45 45 League T81"]
[Site "Internet Chess Club"]
[Date "2019.06.27"]
[Round "1"]
[White "QuieroAprender"]
[Black "Grenadier"]
[Result "1-0"]
[WhiteElo "1688"]
[BlackElo "1597"]
[Opening "Caro-Kann defense"]
[ECO "B10"]
[Time "21:31:12"]
[TimeControl "2700+45"]

1. e4 c6 2. b3 d5 3. exd5 cxd5 4. Bb2 Nc6 5. Bb5 Bd7 6. Ne2 e6 7. d4 Nf6 8. O-O
Bd6 9. Nd2 Rc8 10. c4 a6 11. Bxc6 Bxc6 12. c5 Bb8 13. Ng3 Qc7 14. Re1 h5 15. f3
h4 16. Ngf1 Nh5 17. Re5 Nf4 18. Nb1 Qe7 19. Re1 Qg5 20. Qd2 Bc7 21. Ne3 Qg6 22.
Ng4 Bb5 23. Nc3 Bd3 24. Ne5 Qg5 25. Kh1 Bxe5 26. Rxe5 Qh6 27. Nxd5 Nxd5 28. Qxd3
O-O 29. Bc1 Qh8 30. Bd2 g6 31. Bg5 Rxc5 32. Rxe6 Nb4 33. Rxg6+ fxg6 34. Qxg6+
Qg7 35. Qxg7+ Kxg7 36. dxc5 Rc8 37. Bxh4 Rxc5 38. Be7 Rb5 39. Bxb4 Rxb4 40. Rd1
Kf6 41. g3 a5 42. Rd2 a4 43. bxa4 Rxa4 44. Kg2 b5 45. g4 b4 46. Kg3 Ra3 47. Rb2
Ra4 48. h4 Kg6 49. Rd2 Kf6 50. h5 Kg5 51. Rd5+ Kh6 52. Rb5 Rxa2 53. Rxb4 Ra5 54.
Rb6+ Kg7 55. h6+ Kh7 56. Rf6 Ra7 57. g5 Ra5 58. Kg4 Rd5 59. f4 Kg8 60. g6 Rd7
61. Kg5 Re7 62. f5 Re1 63. h7+ Kg7 64. Rf7+ Kh8 65. Rf8+ Kg7 66. h8=Q# {Black
checkmated} 1-0

[Event "Team 45 45 League T81"]
[Site "Internet Chess Club"]
[Date "2019.06.28"]
[Round "1"]
[White "Packerfan"]
[Black "primerpaso"]
[Result "1-0"]
[WhiteElo "1707"]
[BlackElo "1725"]
[Opening "Sicilian: Alapin's variation (2.c3)"]
[ECO "B22"]
[Time "10:05:06"]
[TimeControl "2700+45"]

1. e4 c5 2. c3 d5 3. exd5 Qxd5 4. d4 Nf6 5. Nf3 e6 6. Be2 Be7 7. O-O O-O 8. dxc5
Bxc5 9. Qxd5 Nxd5 10. Rd1 Nc6 11. Nbd2 b6 12. Ne4 Be7 13. c4 Nf6 14. Nd6 Ba6 15.
Bg5 h6 16. Bh4 Rfd8 17. Nb5 Bxb5 18. cxb5 Nb4 19. Nd4 Rxd4 20. Rxd4 Nc2 21. Rad1
Nxd4 22. Rxd4 g5 23. Bg3 Nd5 24. Rc4 Bc5 25. a3 Rd8 26. Kf1 Kf8 27. b4 Be7 28.
Bf3 Ke8 29. Bxd5 Rxd5 30. Rc7 Rd7 31. Ke2 Rxc7 32. Bxc7 Bf6 33. Bb8 Kd7 34. Kd3
Bb2 35. a4 f5 36. Bxa7 Kc7 37. a5 bxa5 38. bxa5 Be5 39. a6 Kc8 40. b6 {Black
resigns} 1-0

[Event "Team 45 45 League T81"]
[Site "Internet Chess Club"]
[Date "2019.06.28"]
[Round "1"]
[White "XGG123"]
[Black "andrew37"]
[Result "0-1"]
[WhiteElo "1461"]
[BlackElo "1654"]
[Opening "Sicilian: Anderssen variation"]
[ECO "B41"]
[Time "17:07:02"]
[TimeControl "2700+45"]

1. e4 c5 2. Nf3 e6 3. d4 cxd4 4. Nxd4 Nf6 5. Nc3 Nc6 6. Ndb5 Bc5 7. Bf4 O-O 8.
Bc7 Qe7 9. Bd6 Bxd6 10. Qxd6 Ne8 11. Qxe7 Nxe7 12. O-O-O f5 13. Nd6 Nxd6 14.
Rxd6 fxe4 15. Nxe4 Nf5 16. Rd2 d5 17. Ng5 Bd7 18. Bd3 h6 19. Nf3 Rac8 20. Ne5
Bc6 21. Nxc6 Rxc6 22. Re1 Rf6 23. c3 Nd6 24. Rde2 Kf7 25. f4 d4 26. Kc2 dxc3 27.
bxc3 Nf5 28. Bxf5 Rxf5 29. Rd1 Rxf4 30. Rd7+ Kf6 31. Rxb7 Ra6 32. Kb3 e5 33. Rb5
Rfa4 34. Rbxe5 Ra3+ 35. Kc2 Rxa2+ 36. Kd3 Rd6+ 37. Kc4 Ra4+ 38. Kc5 Rb6 39. Re8
Ra5+ 40. Kd4 Rd6+ 41. Ke3 Ra3 42. Rc2 a5 43. Rf2+ Kg6 44. Rc2 Ra1 45. Kf2 Ra6
46. c4 a4 47. c5 Rc6 48. Rc4 a3 49. Ra8 a2 50. Rca4 Rxc5 51. Rxa2 Rf5+ 52. Kg3
Raf1 53. R8a6+ Kh7 54. Ra7 Rg5+ 55. Kh4 Rf4+ {White disconnected and forfeits}
0-1

[Event "Team 45 45 League T81"]
[Site "Internet Chess Club"]
[Date "2019.06.27"]
[Round "1"]
[White "LuFran"]
[Black "Gojira"]
[Result "0-1"]
[WhiteElo "1651"]
[BlackElo "1634"]
[Opening "Sicilian: Grand Prix attack, Schofman variation"]
[ECO "B23"]
[Time "19:04:29"]
[TimeControl "2700+45"]

1. e4 c5 2. Nc3 Nc6 3. f4 g6 4. Nf3 Bg7 5. Bc4 e6 6. f5 Ne5 7. d3 Nxc4 8. dxc4
a6 9. O-O Ne7 10. fxe6 dxe6 11. Qxd8+ Kxd8 12. Ng5 Ke8 13. Nxf7 Rf8 14. Ne5
Rxf1+ 15. Kxf1 Bxe5 {White resigns} 0-1

[Event "Team 45 45 League T81"]
[Site "Internet Chess Club"]
[Date "2019.06.29"]
[Round "1"]
[White "julesraider"]
[Black "mongmong"]
[Result "1-0"]
[WhiteElo "1605"]
[BlackElo "1566"]
[Opening "French: Winawer (Nimzovich) variation"]
[ECO "C15"]
[Time "12:06:57"]
[TimeControl "2700+45"]

1. e4 e6 2. d4 d5 3. Nc3 Bb4 4. Qg4 Kf8 5. e5 c5 6. a3 Qa5 7. Bd2 cxd4 8. Qxd4
Nc6 9. Qf4 d4 10. Nce2 Bxd2+ 11. Qxd2 Qxd2+ 12. Kxd2 Nxe5 13. Nxd4 a6 14. f4 Ng4
15. Ngf3 Ne7 16. h3 Nf2 17. Rg1 Ne4+ 18. Ke3 Nd6 19. c4 Ndf5+ 20. Kd3 Nxd4 21.
Nxd4 Bd7 22. Be2 Nc6 23. Bf3 Nxd4 24. Kxd4 Rd8 25. Kc5 b5 26. cxb5 Bxb5 27. Rgd1
Ke7 28. a4 Bd3 29. Ra3 Bc2 30. Rxd8 Rxd8 31. b4 Bd3 32. Bb7 Bf1 33. b5 axb5 34.
axb5 Rb8 35. Ra7 Kf8 36. b6 g6 37. Ra8 Rxa8 38. Bxa8 {Black resigns} 1-0

[Event "Team 45 45 League T81"]
[Site "Internet Chess Club"]
[Date "2019.07.02"]
[Round "1"]
[White "dabodhi"]
[Black "Andaluz"]
[Result "1-0"]
[WhiteElo "1354"]
[BlackElo "1232"]
[Opening "Sicilian: Najdorf, Byrne (English) attack"]
[ECO "B90"]
[Time "13:03:31"]
[TimeControl "2700+45"]

1. e4 c5 2. Nf3 d6 3. d4 cxd4 4. Nxd4 Nf6 5. Nc3 a6 6. Be3 g6 7. Be2 Bg7 8. h4
h5 9. f3 Nc6 10. g4 Nxd4 11. Bxd4 e5 12. Be3 Be6 13. Qd2 Qa5 14. Qxd6 hxg4 15.
Bb6 Bf8 16. Qxf8+ Rxf8 17. Bxa5 gxf3 18. Bxf3 Rh8 19. O-O-O Nd7 20. Nd5 Bxd5 21.
Rxd5 b6 22. Bb4 a5 23. Bc3 f6 24. h5 gxh5 25. Rxh5 Ke7 26. Rxh8 Rxh8 27. b3 Nb8
28. Bg4 Rd8 29. Rxd8 Kxd8 30. b4 Nc6 31. bxa5 Nxa5 32. Bxa5 bxa5 33. Kb2 Kc7 34.
Kc3 Kc6 35. Kc4 {Black resigns} 1-0

[Event "Team 45 45 League T81"]
[Site "Internet Chess Club"]
[Date "2019.07.01"]
[Round "1"]
[White "olivermx"]
[Black "smsxman"]
[Result "1-0"]
[WhiteElo "1285"]
[BlackElo "1291"]
[Opening "French defense"]
[ECO "C01"]
[Time "11:00:35"]
[TimeControl "2700+45"]

1. e4 e6 2. d4 c5 3. c3 cxd4 4. cxd4 d5 5. e5 Nc6 6. Nf3 Bb4+ 7. Nc3 Nge7 8. Bd3
Nf5 9. Bxf5 exf5 10. O-O O-O 11. Ne2 Ne7 12. Ng3 Ng6 13. Qd3 f4 14. Nh5 Bg4 15.
Nxf4 Bxf3 16. Qxf3 Nh4 17. Qg3 Be7 18. Qb3 Nf5 19. Be3 Bg5 20. Nxd5 Bxe3 21.
fxe3 g6 22. Nf6+ Kg7 23. Qd3 b6 24. Rac1 Rc8 25. g3 Rxc1 26. Rxc1 Qa8 27. Rf1
Qc8 28. e4 Nh6 29. Qf3 Qc4 30. d5 Qd4+ 31. Rf2 Rc8 32. Ng4 Rc1+ 33. Kg2 Qd1 34.
Qf6+ Kf8 35. Nxh6 Qg1+ 36. Kh3 {Black resigns} 1-0

[Event "Team 45 45 League T81"]
[Site "Internet Chess Club"]
[Date "2019.06.27"]
[Round "1"]
[White "WzeroMN"]
[Black "Toalla"]
[Result "0-1"]
[WhiteElo "1048"]
[BlackElo "1285"]
[Opening "Petrov three knights game"]
[ECO "C26"]
[Time "10:04:57"]
[TimeControl "2700+45"]

1. e4 Nf6 2. Nc3 e5 3. Nf3 d6 4. Bb5+ Bd7 5. Bxd7+ Nbxd7 6. O-O Be7 7. d3 O-O 8.
Bg5 h6 9. Bh4 c6 10. b4 b5 11. a4 a6 12. axb5 axb5 13. Rxa8 Qxa8 14. Qa1 Nb6 15.
Nd2 Na4 16. Nxa4 Qxa4 17. Qxa4 bxa4 18. Nc4 g5 19. Bg3 Nd7 20. Na5 c5 21. bxc5
Nxc5 22. Nc4 Rb8 23. Na3 Bd8 24. Rb1 Rxb1+ 25. Nxb1 Ba5 26. Na3 Bb4 27. Nb1 Ne6
28. c3 Bc5 29. Nd2 Kf8 30. Kf1 Ke7 31. f3 f6 32. Bf2 Nf4 33. Bxc5 dxc5 34. Nb1
Nxd3 35. Ke2 Nc1+ 36. Kd2 Nb3+ 37. Kc2 Na5 38. Na3 Kd6 39. Kd3 Kc6 40. g4 Nb3
41. Kc4 Nd2+ 42. Kd3 Nxf3 43. h3 Ne1+ 44. Kc4 Nf3 45. Nc2 Ng1 46. Na3 Nxh3 47.
Nc2 Nf2 48. Na3 Nxg4 49. Nc2 Nf2 50. Na3 h5 51. Nc2 h4 52. Ne3 h3 53. Nf5 a3 54.
Kb3 Kb5 55. Kxa3 Kc4 56. Kb2 Nd1+ 57. Kc2 Nf2 58. Ng3 Kb5 59. Kb3 Kc6 60. c4 g4
61. Kc3 Nd1+ 62. Kd2 Nb2 63. Kc3 Na4+ 64. Kb3 Nb6 65. Kc3 Nd7 66. Kd3 Nf8 67.
Ke2 Ng6 68. Kf2 Nf4 69. Kg1 Nd3 70. Kh2 Nb2 71. Nh5 Nxc4 72. Nxf6 Ne3 73. Kg3 c4
74. Nxg4 Nxg4 75. Kxg4 h2 76. Kg3 h1=Q 77. Kf2 Kc5 78. Ke2 Qxe4+ 79. Kd2 c3+ 80.
Kxc3 Qd4+ 81. Kc2 Kc4 82. Kc1 Kc3 83. Kb1 Qd3+ 84. Ka2 Kc2 {White resigns} 0-1

[Event "Team 45 45 League T81"]
[Site "Internet Chess Club"]
[Date "2019.06.30"]
[Round "1"]
[White "Hectormercado"]
[Black "KidRattler"]
[Result "1-0"]
[WhiteElo "1532"]
[BlackElo "1614"]
[Opening "Ruy Lopez: Berlin defense"]
[ECO "C65"]
[Time "16:59:08"]
[TimeControl "2700+45"]

1. e4 e5 2. Nf3 Nc6 3. Bb5 Nf6 4. Qe2 Bc5 5. c3 O-O 6. d3 h6 7. Nbd2 d6 8. O-O
Bg4 9. Rd1 a6 10. Ba4 b5 11. Bc2 Ne7 12. h3 Bh5 13. Nf1 Bxf3 14. Qxf3 Ng6 15.
Ng3 c6 16. Nf5 Nh7 17. Qg4 Kh8 18. d4 Nf6 19. Qf3 Bb6 20. dxe5 Nxe5 21. Qg3 Nh5
22. Qh2 Bc7 23. Bf4 Nxf4 24. Qxf4 Qf6 25. Qg3 Rad8 26. a4 Qg6 27. Qxg6 fxg6 28.
Nh4 Bb6 29. Rf1 Rf6 30. axb5 axb5 31. Ra6 Nd7 32. e5 dxe5 33. Nxg6+ Kg8 34. Bb3+
Kh7 35. Ne7 Re8 36. Bc2+ g6 37. Nxg6 Rxg6 38. Bxg6+ Kxg6 39. Rd1 Re7 40. Rd6+
Kf5 41. Rxc6 Bd8 42. Rxh6 Nc5 43. Rad6 Bc7 44. Rd5 Ne6 45. Rxb5 Rd7 46. g4+ Kf4
47. Rxe6 Rh7 48. Kg2 Rd7 49. Rb7 e4 50. Rc6 Rd2 51. Rcxc7 e3 52. Rf7+ Kg5 53.
Rg7+ Kh6 54. Rh7+ Kg6 55. Rbg7+ Kf6 56. Rf7+ Kg6 57. Rhg7+ Kh6 58. g5+ Kh5 59.
Rf8 Rxf2+ 60. Rxf2 exf2 61. Kxf2 Kh4 62. b4 Kh5 63. b5 Kh4 64. b6 Kh5 65. Kg2
Kh4 66. b7 Kh5 67. b8=R Kh4 68. Rh8# {Black checkmated} 1-0